 Dungeon Crawl Stone Soup version 0.29-a0-477-g62b78b4225 (webtiles) character file.

Game seed: 10101275271994015734

6 oldark the Insei (level 1, 0/12 HPs)
             Began as a Tengu Transmuter on May 25, 2022.
             Slain by a jackal (1 damage)
             ... on level 1 of the Dungeon.
             The game lasted 00:01:38 (359 turns).

oldark the Insei (Tengu Transmuter)                  Turns: 359, Time: 00:01:38

Health: 0/12       AC:  2    Str: 10    XL:     1   Next: 90%
Magic:  4/4        EV:  9    Int: 13    God:
Gold:   18         SH:  0    Dex: 14    Spells: 3/4 levels left

rFire   . . .      SeeInvis .     - Unarmed
rCold   . . .      Faith    .   (no shield)
rNeg    . . .      Spirit   .   a - +0 robe
rPois   .          Reflect  .   (helmet restricted)
rElec   .          Harm     .   (no cloak)
rCorr   .          Rampage  .   (no gloves)
Will    .....                   (boots unavailable)
Stlth   +.........              (no amulet)
HPRegen 0.04/turn               (no ring)
MPRegen 0.09/turn               (no ring)

@: constricted
A: beak, talons 3
a: no special abilities


You were on level 1 of the Dungeon.
You visited 1 branch of the dungeon, and saw 1 of its levels.

You collected 18 gold pieces.

Inventory:

Armour
 a - a +0 robe (worn)
Scrolls
 e - a scroll of identify {unknown}
Potions
 b - a potion of lignification
 c - a potion of resistance {unknown}
 d - a potion of ambrosia {unknown}


   Skills:
 + Level 1.1 Fighting
 + Level 2.3 Dodging
 + Level 3.3 Unarmed Combat
 + Level 2.1 Spellcasting
 + Level 1.6 Transmutations


You had 3 spell levels left.
You knew the following spells:

 Your Spells              Type           Power      Damage    Failure   Level
a - Beastly Appendage     Tmut           10%        N/A       13%         1

Your spell library contained the following spells:

 Spells                   Type           Power      Damage    Failure   Level
 Wereblood                Tmut           5%         N/A       19%         2
 Spider Form              Tmut/Pois      3%         N/A       47%         3
 Ice Form                 Ice/Tmut       3%         N/A       87%         4


Dungeon Overview and Level Annotations

Branches:
Dungeon (1/15)

Altars:


Innate Abilities, Weirdness & Mutations

You have a beak for a mouth.
You have claws for feet.


Message History

You hit the endoplasm but do no damage.
You peck the endoplasm, but do no damage.
The endoplasm barely misses you.
You barely miss the endoplasm. You peck the endoplasm.
The endoplasm is severely wounded.
The endoplasm freezes you.
You are frozen.
You hit the endoplasm but do no damage.
The endoplasm is severely wounded.
The endoplasm barely misses you.
You hit the endoplasm but do no damage. You claw the endoplasm.
You kill the endoplasm!
Your magical contamination has completely faded away.
You now have 18 gold pieces.
A kobold and a jackal come into view.
There are monsters nearby!
The kobold throws a stone.
The stone hits you.
A jackal comes into view.
The kobold throws a stone.
The stone hits you.
A ball python comes into view.
The jackal barely misses you.
You hit the jackal.
You kill the jackal!
The ball python hisses angrily.
The kobold barely misses you.
The kobold hits you with a +3 short sword.
* * * LOW HITPOINT WARNING * * *
You see here a jackal corpse.
The jackal pauses to sniff the ground.
The kobold closely misses you. The jackal closely misses you.
You barely miss the jackal. You claw the jackal.
The jackal is severely wounded.
The jackal misses you. The kobold barely misses you. The ball python bites you.
* * * LOW HITPOINT WARNING * * *
The ball python grabs you. The ball python constricts you.
You barely miss the jackal. Your kick misses the jackal.
Your peck misses the jackal.
The jackal is severely wounded.
The jackal bites you.
You die...

##### ## ### #...######
##.###...#
####........###K#S.....#
.......####.#..†@h.....#
#####.## #....#.###..##
#.# #......# #####.#
##...### #.....# ##..#
#.###.# #..# #.# #.#
#... #.###.# #+###
#.....#


You could see a jackal, a ball python and a kobold.

Vanquished Creatures
  An endoplasm (D:1)
  A giant cockroach (D:1)
  A hobgoblin (D:1)
  A jackal (D:1)
  A kobold (D:1)
5 creatures vanquished.

Notes
Turn   | Place    | Note
-------+----------+-------------------------------------------
     0 | D:1      | oldark the Tengu Transmuter began the quest for the Orb.
     0 | D:1      | Reached XP level 1. HP: 12/12 MP: 4/4
   359 | D:1      | Slain by a jackal

Illustrated notes

Levels and vault maps discovered:
D:1:      dpeg_arrival_stone_temple_mockup, layout_loops_corners,
          minmay_domino_2

Action                   || total
-------------------------++-------
Melee: Unarmed           ||    11
       Kick              ||     3
       Peck              ||     3
Dodge: Dodged            ||    10

Table legend: (Time is in decaauts)
 A = Elapsed time spent in this place.
 B = Non-inter-level travel time spent in this place.
 C = Inter-level travel time spent in this place.
 D = Time resting spent in this place.
 E = Time spent auto-exploring this place.
 F = Levels seen in this place.
 G = Mean time per level.
                   A        B        C        D        E       F      G
               +--------+--------+--------+--------+--------+-----+--------+
         Total |    358 |    358 |      0 |      0 |    317 |   1 |  358.0 |
       Dungeon |    358 |    358 |      0 |      0 |    317 |   1 |  358.0 |
               +--------+--------+--------+--------+--------+-----+--------+

Top non-repeatable levels by time:
     D:1: 358 daAuts
